 Dungeon Crawl Stone Soup version 0.29-a0-303-ge4682ce883 (webtiles) character file.

Game seed: 155094200190707581

526 kae the Gusty (level 7, -3/40 HPs)
             Began as a Tengu Air Elementalist on Mar 25, 2022.
             Was an Initiate of Sif Muna.
             Slain by a gnoll
             ... wielding a +0 flail
              (10 damage)
             ... on level 4 of the Dungeon.
             The game lasted 00:04:32 (5841 turns).

kae the Gusty (Tengu Air Elementalist)              Turns: 5841, Time: 00:04:32

Health: -3/40      AC:  5    Str:  8    XL:     7   Next: 23%
Magic:  5/12       EV: 15    Int: 18    God:    Sif Muna [......]
Gold:   143        SH:  0    Dex: 14    Spells: 2/12 levels left

rFire   + . .      SeeInvis +   e - +2 whip (flame)
rCold   + . .      Faith    .   (no shield)
rNeg    . . .      Spirit   .   a - +0 robe
rPois   .          Reflect  .   (helmet restricted)
rElec   .          Harm     .   d - +2 cloak
rCorr   .          Rampage  .   (no gloves)
Will    .....                   (boots unavailable)
Stlth   ++........              (no amulet)
HPRegen 0.13/turn               p - ring "Xulas" {rF+ rC+ SInv}
MPRegen 0.13/turn               (no ring)

@: flying quickly and evasively, quick
A: beak, talons 3, nimble flight
a: Renounce Religion


You were on level 4 of the Dungeon.
You worshipped Sif Muna.
Sif Muna was noncommittal.
You visited 2 branches of the dungeon, and saw 5 of its levels.
You also visited: Sewer.

You collected 143 gold pieces.

Inventory:

Hand Weapons
 e - a +2 whip of flaming (weapon)
Armour
 a - a +0 robe (worn)
 d - a +2 cloak (worn)
Jewellery
 f - an amulet of faith
 p - the ring "Xulas" (left hand) {rF+ rC+ SInv}
   (You found it on level 4 of the Dungeon)

   [ring of see invisible]

   rF:        It protects you from fire.
   rC:        It protects you from cold.
   SInv:      It lets you see invisible.
Scrolls
 g - a scroll of teleportation
 r - a scroll of enchant weapon
Potions
 b - a potion of magic
 c - a potion of curing
 h - a potion of haste
 i - a potion of might
 k - a potion of flight {unknown}
 n - 2 potions of degeneration {unknown}
 o - a potion of resistance {unknown}
 q - 2 potions of lignification
 t - a potion of invisibility {unknown}
 u - a potion of attraction {unknown}


   Skills:
 + Level 2.3 Fighting
 + Level 2.6 Armour
 + Level 3.7 Dodging
 - Level 2.0 Stealth
 + Level 3.0 Spellcasting
 + Level 3.9 Conjurations
 * Level 6.7 Air Magic


You had 2 spell levels left.
You knew the following spells:

 Your Spells              Type           Power      Damage    Failure   Level
a - Shock                 Conj/Air       84%        1d8       1%          1
b - Static Discharge      Conj/Air       21%        N/A       2%          2
c - Swiftness             Air            26%        N/A       3%          3
d - Airstrike             Air            13%        N/A       11%         4

Your spell library contained the following spells:

 Spells                   Type           Power      Damage    Failure   Level
 Animate Skeleton         Necr           4%         N/A       16%         1
 Pain                     Necr           8%         1d4       16%         1
 Summon Small Mammal      Summ           8%         N/A       16%         1
 Call Canine Familiar     Summ           2%         N/A       43%         3
 Summon Guardian Golem    Hex/Summ       2%         N/A       43%         3
 Vampiric Draining        Necr           2%         2d6       43%         3


Dungeon Overview and Level Annotations

Branches:
Dungeon (4/15)             Temple (1/1) D:4           Sewer (visited)

Altars:
Fedhas
Kikubaaqudgha
Sif Muna
Uskayaw
Vehumet
Xom
Yredelemnul
Zin
The Shining One


Innate Abilities, Weirdness & Mutations

You have a beak for a mouth.
You have claws for feet.
Your magical nature lets you fly swiftly and evasively.


Message History

The gnoll shaman shoots a sling bullet.
The sling bullet barely misses you.
The gnoll shaman unwields a +0 hunting sling.
The gnoll shaman wields a +0 whip.
The gnoll shaman misses you.
Casting: Static Discharge (safe; 2% risk of failure)
Confirm with . or Enter, or press ? or * to list all spells.
The gnoll shaman is struck by an arc of lightning.
The gnoll shaman is moderately wounded.
You are struck by an arc of lightning.
The lightning grounds out.
The gnoll shaman closely misses you.
The gnoll shaman hits you with a +0 whip.
Casting: Static Discharge (safe; 2% risk of failure)
Confirm with . or Enter, or press ? or * to list all spells.
The gnoll shaman is struck by an arc of lightning!
The gnoll shaman is severely wounded.
You are struck by an arc of lightning.
The gnoll shaman is struck by an arc of lightning!
You kill the gnoll shaman!
Sif Muna accepts your kill.
The lightning grounds out.
The gnoll barely misses you.
Casting: Static Discharge (safe; 2% risk of failure)
Confirm with . or Enter, or press ? or * to list all spells.
The gnoll is struck by an arc of lightning!
The gnoll is heavily wounded.
The gnoll is struck by an arc of lightning!
The gnoll is severely wounded.
The gnoll is struck by an arc of lightning.
The gnoll is almost dead.
The lightning grounds out.
The gnoll hits you with a +0 flail!
* * * LOW HITPOINT WARNING * * *
The gnoll completely misses you.
A dart slug comes into view.
You hit the dart slug. You burn the dart slug. Your kick misses the dart slug.
The dart slug is moderately wounded.
The dart slug barely misses you.
You hit the dart slug. You burn the dart slug. You claw the dart slug.
You kill the dart slug!
Sif Muna accepts your kill. The gnoll hits you with a +0 flail!
You die...

..#####******###.#####.#.#####.##
...# #.# #....#...... ##.#### #.#
#..#......## ......# #.#
##...#.#### ##g##.# #.# ##.##.#
#)##.# #.# #.##<# #.##.# #.#
#.##.#
#.##.##########.#######.##.#
#.........g.g.g@........##.#
#..#............##########.#
#..###.####.##### #.# #..#
#.####.# #.# #..# #....#.#
############.# *#..###..#.#.#
#............# ,........#.#.#
#.############ *#...........# #.#
*#......###.###.#


You could see 3 gnolls.

Vanquished Creatures
  Pargi (Sewer)
  A scorpion (D:4)
  A necrophage (D:4)
  A gnoll shaman (D:4)
  An orc priest (D:3)
  A hound (D:3)
  A jelly (D:4)
  2 iguanas (D:4)
  8 adders
  An ufetubus (D:4)
  A worm (D:2)
  2 dart slugs (D:4)
  3 orcs
  11 ball pythons
  4 bats
  6 endoplasms
  4 giant cockroaches
  2 goblins (D:2)
  3 hobgoblins
  4 jackals (D:1)
  2 kobolds (D:2)
  A quokka (D:2)
  9 frilled lizards
  10 rats
  A spectral goblin (D:1)
81 creatures vanquished.

Notes
Turn   | Place    | Note
-------+----------+-------------------------------------------
     0 | D:1      | kae the Tengu Air Elementalist began the quest for the Orb.
     0 | D:1      | Reached XP level 1. HP: 10/10 MP: 4/4
    51 | D:1      | Found a faded altar of an unknown god.
   323 | D:1      | Reached XP level 2. HP: 8/15 MP: 1/6
  1274 | D:2      | Reached XP level 3. HP: 10/20 MP: 2/7
  2157 | D:2      | Reached skill level 1 in Fighting
  2157 | D:2      | Reached skill level 1 in Armour
  2157 | D:2      | Reached skill level 5 in Air Magic
  2157 | D:2      | Reached XP level 4. HP: 25/25 MP: 3/8
  2717 | D:2      | Learned a level 2 spell: Static Discharge
  2721 | D:2      | Learned a level 3 spell: Swiftness
  3105 | D:3      | Gained mutation: Your magical nature lets you fly swiftly
                  | and evasively. [Tengu growth]
  3105 | D:3      | Reached XP level 5. HP: 29/29 MP: 4/9
  3969 | D:4      | Identified the ring "Xulas" {rF+ rC+ SInv}
  4043 | D:4      | Found a staircase to the Ecumenical Temple.
  4056 | Temple   | Entered the Ecumenical Temple
  4268 | Temple   | Became a worshipper of Sif Muna the Loreminder
  4362 | D:4      | Reached XP level 6. HP: 30/35 MP: 5/11
  4382 | D:4      | Found a glowing drain.
  4395 | Sewer    | Entered a sewer
  4578 | Sewer    | Noticed Pargi
  5160 | Sewer    | Killed Pargi
  5161 | Sewer    | Reached skill level 6 in Air Magic
  5687 | D:4      | Reached XP level 7. HP: 39/40 MP: 0/12
  5696 | D:4      | Learned a level 4 spell: Airstrike
  5841 | D:4      | Slain by a gnoll

Illustrated notes

Levels and vault maps discovered:
D:1:      dpeg_arrival_rhombi, layout_loops_ring,
          dreamdust_ecumenical_altar_drowned_temple
D:2:      layout_loops_corners
D:3:      layout_loops_ring
D:4:      layout_loops_ring, minmay_temple_entry_trees, portal_sewer_entry_d,
          minmay_diced_spiral
Temple:   mainiacjoe_temple_trianglar_array

Skill      XL: |  1  2  3  4  5  6 |
---------------+-------------------+-----
Conjurations   | 2 3 |  3.9
Fighting       | 1 2 |  2.3
Armour         | 1 2 |  2.6
Air Magic      | 5 6 |  6.7
Dodging        | 3 |  3.7
Spellcasting   | 3 |  3.0
Stealth        | |  2.0

Action                   |  1- 3 |  4- 6 |  7- 9 || total
-------------------------+-------+-------+-------++-------
Melee: Unarmed           |    27 |     6 |       ||    33
       Kick              |     4 |     3 |     1 ||     8
       Peck              |     3 |       |       ||     3
       Whip              |       |     7 |     4 ||    11
 Cast: Shock             |    74 |   129 |       ||   203
       Static Discharge  |       |    20 |     5 ||    25
  Use: Scroll            |     2 |     7 |     4 ||    13
       Potion            |       |     1 |       ||     1
 Stab: Sleeping          |     1 |       |       ||     1
Armor: Robe              |    21 |    27 |     1 ||    49
       Skin              |       |     3 |       ||     3
Dodge: Dodged            |    31 |    76 |    10 ||   117

Table legend: (Time is in decaauts)
 A = Elapsed time spent in this place.
 B = Non-inter-level travel time spent in this place.
 C = Inter-level travel time spent in this place.
 D = Time resting spent in this place.
 E = Time spent auto-exploring this place.
 F = Levels seen in this place.
 G = Mean time per level.
                   A        B        C        D        E       F      G
               +--------+--------+--------+--------+--------+-----+--------+
         Total |   5739 |   5589 |    150 |    961 |   3939 |   6 |  956.5 |
       Dungeon |   4366 |   4229 |    137 |    393 |   3282 |   4 | 1091.5 |
        Temple |    211 |    198 |     13 |      0 |    187 |   1 |  211.0 |
         Sewer |   1160 |   1160 |      0 |    568 |    470 |   1 | 1160.0 |
               +--------+--------+--------+--------+--------+-----+--------+

Top non-repeatable levels by time:
     D:2: 1515 daAuts
     D:1: 1249 daAuts
   Sewer: 1160 daAuts
     D:3: 1101 daAuts
     D:4: 500 daAuts
  Temple: 211 daAuts
